 Dungeon Sprint DCSS version 0.26-a0-1013-gf6ffb0d6bd (webtiles) character file.

Game seed: 9771968938930236904

161 sahdkjhfkaj the Conjurer (level 5, -5/38 HPs)
             Began as a Draconian Fire Elementalist on Dec 7, 2020.
             Killed from afar by a deep elf mage (29 damage)
             ... with a bolt of magma
             ... in the Dungeon (Sprint III: "The Ten Rune Challenge").
             The game lasted 00:02:31 (1089 turns).

sahdkjhfkaj the Conjurer (DrFE)                     Turns: 1089, Time: 00:02:32

Health: -5/38      AC:  5    Str: 11    XL:     5   Next: 18%
Magic:  1/11       EV: 12    Int: 16    God:
Gold:   31         SH:  0    Dex: 11    Spells: 0/13 levels left

rFire    . . .     SeeInvis .   i - +0 dagger
rCold    . . .     Faith    .   (no shield)
rNeg     . . .     Spirit   .   (armour unavailable)
rPois    .         Reflect  .   (helmet restricted)
rElec    .         Harm     .   (no cloak)
rCorr    .         Rampage  .   (no gloves)
Will     .....     NoTele   +   (no boots)
Stlth    ++........             (no amulet)
HPRegen  0.12/turn              (no ring)
MPRegen  0.12/turn              (no ring)

@: flying
A: unfitting armour, cold-blooded, AC +5
a: no special abilities


You were in the Dungeon.
You visited 1 branch You collected 31 gold pieces.

Inventory:

Hand Weapons
 i - a +0 dagger (weapon)
Scrolls
 a - 2 scrolls of holy word {unknown}
 b - 4 scrolls of identify
 c - 2 scrolls of remove curse {unknown}
 g - a scroll of blinking
Potions
 d - a potion of haste
 h - 5 potions of mutation


   Skills:
 - Level 1.7 Dodging
 - Level 1.7 Stealth
 + Level 4.5 Spellcasting
 * Level 7.0 Conjurations
 * Level 7.0 Fire Magic


You couldn't memorise any spells.
You knew the following spells:

 Your Spells              Type           Power        Failure   Level
a - Foxfire               Conj/Fire      ####         1%          1
c - Conjure Flame         Conj/Fire      ####....     2%          3
d - Sticky Flame          Conj/Fire      ####....     9%          4
f - Fireball              Conj/Fire      ####......   24%         5

Your spell library contained the following spells:

 Spells                   Type           Power        Failure   Level
 Inner Flame              Hex/Fire       ##......     11%         3
 Confusing Touch          Hex            #.......     43%         3
 Gell's Gravitas          Tloc           #.........   43%         3
 Petrify                  Tmut/Erth      #.......     85%         4
 Metabolic Englaciation   Hex/Ice        #.........   99%         5
 Yara's Violent Unravell  Hex/Tmut       #.........   99%         5


Dungeon Overview and Level Annotations

Branches:
Dungeon (1/1)

Altars:
Elyvilon
Kikubaaqudgha
Sif Muna
Vehumet
Zin
The Shining One


Innate Abilities, Weirdness & Mutations

Your plain brown scales are hard. (AC +5)
You cannot fit into any form of body armour.
You are cold-blooded and may be slowed by cold attacks.


Message History

Casting: Fireball (extremely dangerous; 24% risk of failure)
Confirm with . or Enter, or press ? or * to list all spells.
The spell is extremely dangerous to cast (24% risk of failure)!
Continue anyway?
Aiming: Fireball (extremely dangerous; 24% risk of failure)
Press: ? - help, Shift-Dir - straight line, f/p - deep elf mage
Aim: a deep elf mage, wielding a +2 long sword of holy wrath You miscast Fireball.
Nothing appears to happen.
You closely miss the deep elf mage.
The deep elf mage hits you with a +2 long sword of holy wrath.
It was a potion of cancellation.
You feel magically purged.
Your magical contamination has completely faded away.
The deep elf mage closely misses you.
Unknown command.
It was a potion of flight.
You feel very buoyant.
You fly up into the air.
The deep elf mage gestures at you while chanting.
The bolt of magma hits you!!
Ouch! That really hurt!
You die...

▓▓▓▓▓▓ ▓▓▓ '....♣♣♣
♣.#### #....♣.♣ ♣.#___
#......♣ ♣♣.#...
#....≈.♣ ♣..###e#+###+##
#...≈≈♣♣♣♣..#...@......#
#..≈≈≈≈♣..♣.'.⌠........#
#..≈≈≈≈≈≈.♣.#...######+#
#.≈≈≈≈≈≈....#.⌠.#
#.≈≈≈≈≈.....#...#
#.≈≈≈.......#[###
#...........#...#
............#___#
▓▓▓▓▓▓▓▓▓▓▓▓▓▓▓▓▓


You could see a deep elf mage.

Vanquished Creatures
  A water elemental (D)
  A wizard (D)
  Crazy Yiuf (D)
  A human (D)
  A kobold demonologist (D)
  2 oozes (D)
  2 rats (D)
9 creatures vanquished.

Vanquished Creatures (others)
  32 foxfires (D)
32 creatures vanquished.

Grand Total: 41 creatures vanquished

Notes
Turn   | Place    | Note
-------+----------+-------------------------------------------
     0 | D        | sahdkjhfkaj the Draconian Fire Elementalist began the quest
                  | for the Orb.
     0 | D        | Reached XP level 1. HP: 14/14 MP: 3/3
    23 | D        | Reached XP level 2. HP: 20/20 MP: 5/5
   131 | D        | Reached XP level 3. HP: 7/26 MP: 4/7
   335 | D        | Learned a level 3 spell: Conjure Flame
   336 | D        | Noticed Crazy Yiuf
   409 | D        | Killed Crazy Yiuf
   410 | D        | Reached skill level 5 in Conjurations
   410 | D        | Reached skill level 5 in Fire Magic
   656 | D        | Noticed a water elemental
   672 | D        | Killed a water elemental
   673 | D        | Reached XP level 4. HP: 7/33 MP: 5/10
   777 | D        | Learned a level 4 spell: Sticky Flame
   918 | D        | Found a radiant altar of Vehumet.
   919 | D        | Found a shimmering blue altar of Sif Muna.
   919 | D        | Found an ancient bone altar of Kikubaaqudgha.
   919 | D        | Noticed a wizard
   929 | D        | Killed a wizard
   930 | D        | Reached XP level 5. HP: 21/38 MP: 1/11
  1075 | D        | Learned a level 5 spell: Fireball
  1084 | D        | Found a glowing silver altar of Zin.
  1084 | D        | Found a glowing golden altar of the Shining One.
  1084 | D        | Found a white marble altar of Elyvilon.
  1084 | D        | Noticed a deep elf mage
  1089 | D        | Killed from afar by a deep elf mage

Illustrated notes

Levels and vault maps discovered:
D:        dungeon_sprint_mu [sprint_mu_entry_forest, sprint_mu_temple_rooms,
          sprint_mu_d1_horrors, sprint_mu_d2_genie, sprint_mu_d3_branching,
          sprint_mu_orc_legion, sprint_mu_elf_gauntlet, sprint_mu_hive_nellie,
          sprint_mu_lair_fedhas, sprint_mu_vaults_butterflies,
          sprint_mu_slime_circle, sprint_mu_shoals_kraken,
          sprint_mu_snake_twists, sprint_mu_blade_basic,
          sprint_mu_crypt_fortress, sprint_mu_tomb_spiral,
          sprint_mu_vestibule_basic, sprint_mu_gehenna_hellfire,
          sprint_mu_dis_giant, sprint_mu_tartarus_statrot,
          sprint_mu_cocytus_islands, sprint_mu_zot1]

Skill      XL: |  1  2  3  4 |
---------------+-------------+-----
Conjurations   | 3 4 6 7 |  7.0
Fire Magic     | 4 6 7 |  7.0
Spellcasting   | 4 |  4.5
Dodging        | |  1.7
Stealth        | |  1.7

Action                   |  1- 3 |  4- 6 || total
-------------------------+-------+-------++-------
Melee: Unarmed           |    32 |     5 ||    37
       Tailslap          |     5 |     1 ||     6
       Dagger            |       |     1 ||     1
 Cast: Foxfire           |    16 |     2 ||    18
       Conjure Flame     |     2 |       ||     2
       Sticky Flame      |       |     1 ||     1
  Use: Potion            |     5 |     2 ||     7
 Stab: Sleeping          |     1 |       ||     1
Armor: Skin              |    16 |     1 ||    17
Dodge: Dodged            |    21 |     3 ||    24

Table legend: (Time is in decaauts)
 A = Elapsed time spent in this place.
 B = Non-inter-level travel time spent in this place.
 C = Inter-level travel time spent in this place.
 D = Time resting spent in this place.
 E = Time spent auto-exploring this place.
 F = Levels seen in this place.
 G = Mean time per level.
                   A        B        C        D        E       F      G
               +--------+--------+--------+--------+--------+-----+--------+
         Total |   1100 |   1100 |      0 |    808 |     85 |   1 | 1100.0 |
       Dungeon |   1100 |   1100 |      0 |    808 |     85 |   1 | 1100.0 |
               +--------+--------+--------+--------+--------+-----+--------+

Top non-repeatable levels by time:
       D: 1100 daAuts
